[Event "44th Chess Olympiad Women 2022"]
[Site "Chennai"]
[Date "2022.08.06"]
[Round "8.9"]
[White "Schneider, Jana"]
[Black "Nguyen, Thien Ngan"]
[Result "1-0"]
[WhiteElo "2342"]
[BlackElo "1912"]
[Annotator "RC"]
[PlyCount "113"]
[EventDate "2022.??.??"]
[TimeControl "60"]

1. e4 e5 2. Nf3 Nc6 3. Bb5 a6 4. Ba4 Nf6 5. O-O Be7 6. Re1 b5 7. Bb3 d6 8. c3 O-O 9. h3 Na5 10. Bc2 c5 11. d4 Qc7 12. d5 Nb7 13.
b3 Bd7 14. Nbd2 g6 15. Nf1 Nh5 16. Bh6 Ng7 17. g4 f6 18. Ng3 Nd8 19. Be3 Nf7 20. Kh1 c4 21. b4 a5 22. a4 Rfb8 23. axb5 Bxb5 24. bxa5 Rxa5 25. Rxa5 Qxa5 26. Qa1 Bd8 27. Qxa5 Bxa5 28. Ne2 Ne8 29. Rb1 Bc7 30. Nd2 Nd8 31. Kg2 Kf8 32. Rb2 Rb7 33. Bb1 Ba6 34. Ra2 Bb5 35. Ra3 Bb6 36. Bxb6 Rxb6 37. Ba2 f5 38. gxf5 gxf5 39. exf5 Nf6 40. Bxc4 Nxd5 41. Bxd5 Bxe2 42. Ra8 Ke8 43. f6 Bh5 44. Nc4 Rb1 45. Nxd6+ Kd7 46. f7 Nxf7 47. Nxf7 Ke7 48. Ra7+ Kf6 49. Ra6+ Kf5 50. Nh6+ Kf4 51. h4 e4 52. Rf6+ Ke5 53. Rf5+ Kd6 54. Rxh5 Re1 55. c4 Re2 56. Nf5+ Kc5 57. Ng3 1-0

[Event "44th Chess Olympiad Women 2022"]
[Site "Chennai"]
[Date "2022.08.06"]
[Round "8.9"]
[White "Vo, Thi Kim Phung"]
[Black "Paehtz, Elisabeth"]
[Result "1/2-1/2"]
[WhiteElo "2333"]
[BlackElo "2484"]
[Annotator "TA"]
[PlyCount "159"]
[EventDate "2022.??.??"]
[TimeControl "60"]

1. d4 Nf6 2. c4 e6 3. Nc3 Bb4 4. Qc2 O-O 5. Nf3 c5 6.
dxc5 Na6 7. Bd2 Nxc5 8. e3 {[%emt 0:
01:12] was the old line (8.a3).} b6 {[%emt 0:01:00] E39: Nimzo-Indian:
Classical: 4...c5 5 dxc5 0-0.} 9. a3 Bxc3 10.
Bxc3 Nce4 {[%emt 0:02:14] Prevents Ng5. The position is equal.
} 11. Bd4 Bb7 12. Bd3 {[%emt 0:04:40] [#]}
Rc8 $146 ({Predecessor:} 12... d5 13. cxd5 Rc8 14. Qe2 Qxd5
15. Rd1 Qa5+ 16. Kf1 Rfd8 17. h3 Bd5 18. Kg1 Bb3 {½-½ (25) Dordzhieva,D 
(2238)-Vangsgaard,F (1842) Batumi 2014}) 13. O-O d6 {[%emt 0:
00:40] And now ...e5 would win.} 14. b4 e5 15. Bb2 b5 16. Qe2 bxc4 17. Bxc4 Qb6 18. Rac1 Rc7 19. Nd2 Rfc8 {[%emt 0:05:
58] Threatens to win with ...Nxd2.} 20. Nxe4 (20. Nb3 $5 ) 20... Nxe4 21. Qd3 {[%emt 0:09:13] [#]} Rxc4 $1 22. Rxc4 Rxc4 23. Qxc4 {
[%emt 0:00:13] Black must now prevent Rc1.} Nd2 $1 {[%emt 0:00:02][%csl Yc4,
Yf1] Deflection, Double Attack} 24. Qc2 Nxf1 25. Kxf1 $11 {[%emt 0:00:18] Endgame KQB-KQB} Qb5+ 26. Kg1 Qc6 {[%emt 0:02:56] Prevents Qc7.} 27. Qxc6 Bxc6 {[%emt 0:00:02] KB-KB} 28. f3 Kf8 29.
Kf2 Ke7 30. e4 Ke6 31. Ke3 f5 32. g3 g5 33. g4 f4+ 34. Ke2 Bb5+ 35. Kf2 Kd7 36.
Bc3 Kc6 37. Be1 a6 38. h3 Ba4 39. b5+ (
39. Kg2 $11 {keeps the balance.}) 39... Bxb5 40. Ba5 Kd7 {[%emt 0:00:17] Prevents Bd8.} 41. Bc3 Ke6 42. Ba5 h6 43. Bd8 Bd3 44. Ba5 Bc4 45.
Bb4 Bd3 46. Ba5 $1 Bc2 47. Bb4 Ba4 48. Ba5 Be8 49. Bd8 Kf7 50.
h4 gxh4 51. Bxh4 Ke6 52. Bd8 h5 53. gxh5 Bxh5 54. Ba5 d5 55.
exd5+ Kxd5 56. Bc7 Be8 57. Bb8 Ba4 58. Bc7 Bd1 59. Ba5 e4 60.
fxe4+ Kxe4 61. Bb4 f3 62. Bf8 Be2 63. Be7 Kd5 64. Bf8 Kc4 65.
Be7 a5 66. Bf8 Kb3 67. Be7 a4 68. Bf8 Kc4 69. Be7 Kd5 70. Bf8 Ke6 {[%emt 0:00:08] Black is slightly better.} 71. Bb4 Kf5 72. Bf8 Kg6 73. Bb4 Kh5 74. Bf8 Kg4 75. Bb4 Bd1 76. Bc5 Kf5 77. Bb4 Ke4 78. Bf8 Kd3 79. Be7 Be2 80. Bf8 {[%emt 0:00:04] Weighted Error Value: White=0.04 
(flawless) /Black=0.03 (flawless)} 1/2-1/2

[Event "44th Chess Olympiad Women 2022"]
[Site "Chennai"]
[Date "2022.08.06"]
[Round "8.10"]
[White "Cassi, Elisa"]
[Black "Calzetta Ruiz, Monica"]
[Result "0-1"]
[WhiteElo "1922"]
[BlackElo "2230"]
[Annotator "NA RC"]
[PlyCount "64"]
[EventDate "2022.??.??"]
[TimeControl "60"]

1. e4 c5 2. Nf3 e6 3. d4 cxd4 4. Nxd4 Nf6 5. Nc3 Nc6 6. Ndb5 Bb4 7. a3 Bxc3+ 8. Nxc3 d5 9. exd5 exd5 10. Bb5 d4 11. Qe2+ Be6 12. Ne4 Nxe4 13. Bxc6+ bxc6 14. Qxe4 O-O 15. O-O Re8 16. Rd1 c5 17. Qd3 Qf6 18. f3 Bf5 19. Qc4 Qg6 20. Bf4 Bxc2 21. Rd2 d3 22. Qxc5 Qf6 23. Be3 Re5 24. Qd4 Rae8 25. Re1 a5 26. Kf2 h6 27. b4 axb4 28. axb4 Qe7 29. Rxd3 Bxd3 30. Qxd3 Qh4+ 31. Kf1 Qxe1+ 32. Kxe1 Rxe3+ 0-1

[Event "44th Chess Olympiad Women 2022"]
[Site "Chennai"]
[Date "2022.08.06"]
[Round "8.10"]
[White "Garcia Martin, Marta"]
[Black "Raccanello, Marianna"]
[Result "0-1"]
[WhiteElo "2305"]
[BlackElo "2067"]
[Annotator "RC"]
[PlyCount "76"]
[EventDate "2022.??.??"]
[TimeControl "60"]

1. d4 Nf6 2. c4 e6 3. Nf3 b6 4. g3 Ba6 5. b3 Bb4+ 6. Bd2 Be7 7. Nc3 d5 8.
cxd5 exd5 9. Bg2 O-O 10. O-O Re8 11. Re1 Bb7 12. Qc2 c5 13.
Rad1 Nc6 14. Bf4 Rc8 15. dxc5 bxc5 16. Qb1 Nd4 17. e3 Ne6 18. Be5 Ng4 19. Qf5 Nh6 20. Qh5 Bf8 21. Bf4 g6 22. Qh3 Nxf4 23. gxf4 Rc7 24. Ne5 Bc8 25. Qf3 d4 26. exd4 cxd4 27. Nb5 Rc5 28. Nxd4 Qa5 29. b4 Qxb4 30. Nd3 Rxe1+ 31. Rxe1 Qxd4 32. Nxc5 Qxc5 33. Qe3 Be6 34. Rc1 Qa5 35. Qd4 Nf5 36. Qc3 Qxc3 37. Rxc3 Bxa2 38. Rc7 a5 0-1

[Event "44th Chess Olympiad Women 2022"]
[Site "Chennai"]
[Date "2022.08.06"]
[Round "8.10"]
[White "Gueci, Tea"]
[Black "Matnadze, Ana"]
[Result "1/2-1/2"]
[WhiteElo "2254"]
[BlackElo "2406"]
[Annotator "RC"]
[PlyCount "99"]
[EventDate "2022.??.??"]
[TimeControl "60"]

1. e4 c6 2. d4 d5 3. Nc3 dxe4 4. Nxe4 Nf6 5. Nxf6+ exf6 6. c3 Bd6 7. Bd3 h5 8. Ne2 Qc7 9. h3 Be6 10. c4 Bb4+ 11. Bd2 a5 12. O-O Na6 13.
a3 Bxd2 14. Qxd2 Rd8 15. Nf4 Kf8 16. Qe3 Bc8 17. Rad1 Qe7 18.
Qxe7+ Kxe7 19. Rfe1+ Kf8 20. Be2 g6 21. d5 Kg7 22. dxc6 bxc6 23. Bf3 c5 24. Bd5 Rhe8 25. Rxe8 Rxe8 26. Bc6 Re7 27. Bb5 Nc7 28. Nd5 Nxd5 29. cxd5 Rb7 30. a4 Bd7 31. d6 f5 32. Bxd7 Rxd7 33. b3 Kf6 34. Rd5 Ke6 35. Rxc5 Rb7 36. Rxa5 Rxb3 37. Ra7 Rb1+ 38. Kh2 Kxd6 39. Rxf7 Ke5 40. Rg7 Kf6 41. Ra7 Rb2 42. f4 h4 43. Rh7 Ra2 44. Rxh4 Rxa4 45. g3 Ra2+ 46. Kg1 Ra1+ 47. Kf2 Ra2+ 48. Kf3 Ra3+ 49. Kf2 Ra2+ 50. Kf3 1/2-1/2

[Event "44th Chess Olympiad Women 2022"]
[Site "Chennai"]
[Date "2022.08.06"]
[Round "8.10"]
[White "Vega Gutierrez, Sabrina"]
[Black "Brunello, Marina"]
[Result "1-0"]
[WhiteElo "2366"]
[BlackElo "2341"]
[Annotator "TA"]
[PlyCount "87"]
[EventDate "2022.??.??"]
[TimeControl "60"]

1. e4 c5 2.
Nf3 d6 3. d4 cxd4 4. Nxd4 Nf6 5. Nc3 a6 6. Bd3 e5 7. Nde2 Be7 8. O-O O-O 9. Ng3 {[%emt 0:00:13] B90: Sicilian Najdorf: Unusual White 6th moves, 6
Be3 Ng4 and 6 Be3 e5.} Be6 10. Nd5 Bxd5 (10... Nxd5 {is interesting.} 11. exd5 Bxd5 12. Bxh7+ Kxh7 13.
Qxd5 Nc6) 11. exd5 {[%emt 0:00:11] The position is equal.} g6 {[%emt 0:00:02]
Inhibits Nf5.} 12. c4 Nbd7 13. Bh6 Re8 14. Re1 a5 15.
b3 $36 {[%emt 0:00:43] White is more active.} Nc5 {[%emt 0:03:12] [#]} 16. Bf1
$146 ({Predecessor:} 16. Bc2 Qc7 17. Qf3 Qd8 18. a3 Ncd7 19.
h3 Rc8 20. Nf5 Bf8 21. Bg5 gxf5 22. Bxf5 {0-1 (49) Skurniak,S (2032)-Kasprzak,
L (1884) Sypniewo 2022}) 16... Qc8 17. h3 {[%emt 0:02:35]
Against Ng4} Bf8 18. Bg5 {[%emt 0:00:23] A strong pair of
Bishops.} Bg7 19. Rc1 h6 (
19... b6 $11) 20. Be3 $14 Nfd7 21. Ne2 f5 22. Nc3 Qd8 23. a3 Na6 24. Rb1 {[%emt 0:00:00]
White is more active.} Qf6 25. b4 axb4 26. axb4 Rac8 27. Na4 e4 {[%emt 0:05:19] [#]} 28. Nb6 (28. c5 $1 $16 ) 28... Nxb6 29. Bxb6 Nb8 30. c5 Nd7 31.
Bb5 Nxb6 32.
Bxe8 dxc5 $2 {[%emt 0:00:04] This costs Black the game.} (
32... Rxe8 $16 {is more resistant.} 33. cxb6 Qd8) 33. bxc5 $18 Nc4 34. Bd7 Rxc5 35. Be6+ Kh7 36. Rxb7 {[%emt 0:00:15] aiming for Qa1.}
Nb2 $2 (36... Ne5 37. Qd2 h5) 37. Qa1 Rc2 38. Rc1 Rxc1+ 39. Qxc1 Qd4 $2 (39... Nd3 40. Qa3 (40. Qc8 h5 $16)
40... Nf4) 40. Qc8 {[%emt 0:15:53][%csl Ge6][%cal Rc8g8] White is clearly
winning.} h5 41. Bg8+ (41. Qg8+ $142 Kh6 {[#]
} 42. Rxg7 $1 (42. Kh1 Nd3 $11) 42... Qxg7 43. d6) 41... Kh8 42. Bf7+ Kh7 43. Qe6 Qf6 {
[%emt 0:06:26] [#]} 44. Rxb2 $1 {[%emt 0:00:00] Weighted Error Value: White=0.
32/Black=0.35} 1-0

[Event "44th Chess Olympiad Women 2022"]
[Site "Chennai"]
[Date "2022.08.06"]
[Round "8.11"]
[White "Bravo Mallco, Kate Azumi"]
[Black "Lanchava, Tea"]
[Result "1/2-1/2"]
[WhiteElo "1958"]
[BlackElo "2257"]
[Annotator "RC"]
[PlyCount "158"]
[EventDate "2022.??.??"]
[TimeControl "60"]

1. e4 c6 2. d4 g6 3. Nc3 Bg7 4. f4 d5 5. e5 h5 6. Be3 Nh6 7. Nf3 Bg4 8. h3 Nf5 9. Bf2 Bxf3 10. Qxf3 h4 11. Bd3 e6 12. O-O a5 13. Ne2 Na6 14. c3 Bf8 15.
b3 Be7 16. Rad1 Kf8 17. c4 Kg7 18. c5 b6 19. cxb6 Qxb6 20.
Bxa6 Qxa6 21. Nc3 Qa7 22. Na4 Rab8 23. Qc3 Rhc8 24. Rc1 Rb4 25. Rfd1 f6 26. exf6+ Bxf6 27. Nc5 Re8 28. a3 Rbb8 29. Re1 Kf7 30. Rc2 Re7 31. Rce2 Rbe8 32. Rb1 Nd6 33. Qd3 Nb5 34. a4 Nd6 35. b4 axb4 36. Rxb4 Qc7 37. Rb1 Nf5 38. Qd2 Bg7 39. a5 Rb8 40. Rbe1 Rbe8 41. a6 Bf6 42. Re5 Qb6 43. Ra1 Ra7 44. Rae1 Bxe5 45. fxe5 Qd8 46. Rf1 Qe7 47. Rb1 Rc8 48. Rb6 Rac7 49. Qb2 Qg5 50. Rb7 Ne3 51. Bxe3 Qxe3+ 52. Qf2+ Qxf2+ 53.
Kxf2 Re7 54. Ke3 g5 55. Kd3 Rce8 56. Kc3 Kg6 57. Kb4 Kf5 58. Ka5 Kf4 59. Rxe7 Rxe7 60. Kb6 g4 61. a7 Re8 62. Nxe6+ Kg3 63. Ng5 Kxg2 64. hxg4 Kg3 65. Kb7 Kxg4 66. Nh3 Kxh3 67. a8=Q Rxa8 68. Kxa8 Kg3 69. e6 h3 70. e7 h2 71. e8=Q h1=Q 72. Kb7 Qe4 73. Qe5+ Qxe5 74. dxe5 d4 75. e6 d3 76. e7 d2 77. e8=Q d1=Q 78. Qxc6 Qf3 79. Qxf3+ Kxf3 1/2-1/2

[Event "44th Chess Olympiad Women 2022"]
[Site "Chennai"]
[Date "2022.08.06"]
[Round "8.11"]
[White "Chumpitaz, Ann"]
[Black "Peng, Zhaoqin"]
[Result "0-1"]
[WhiteElo "2278"]
[BlackElo "2349"]
[Annotator "TA"]
[PlyCount "79"]
[EventDate "2022.??.??"]
[TimeControl "60"]

1. e4 e6 2. d4 d5 3. e5 c5 4. c3 Nc6 5. a3 Nge7 6. b4 cxd4 7. cxd4 Nf5 8. Nf3 Bd7 9. Bb2 b5 {[%emt 0:00:
00] C02: French: Advance Variation.} 10. Bxb5 {[%emt 0:25:19] [#]} Nxe5 11. Nxe5 (11. dxe5 Bxb5) 11... Bxb5 {[%emt 0:
00:00] Black is slightly better.} 12. Nc3 ({Reject} 12. Qh5 g6 13. Qd1 f6 $17) 12... Bd7 ({
Don't play} 12... Nd6 13. Nxb5 Nxb5 14. O-O $14) 13. Na4 Bd6 {
[%emt 0:03:41] [#]} 14. Nc5 $146 ({Predecessor:} 14. Nxd7 Qxd7
15. Nc5 Qb5 16. Qe2 a6 17. Bc3 Ke7 18. a4 Qxe2+ 19. Kxe2 Rhc8 20. Rhc1 Bxc5 21.
dxc5 {1-0 (33) Bryn,A (2018)-Jordan Martinez,D (2122) Caleta 2017}) 14... Bxe5 15. dxe5 O-O (15... Bb5 {
keeps more tension.} 16. Nd3 Qh4 17. O-O Qc4) 16. O-O a5 17. bxa5 Bb5 ({Much less
strong is} 17... Rxa5 18. Nb7 Qb8 19. Nxa5 $16) 18. Re1 Qc7 19. Rc1 {[%emt 0:07:01][%cal Yc5e6,Ya1c1,Yc1c4,Yc4b4] Hoping
for Nxe6!} Bc4 $36 {[%emt 0:00:36] Black is pushing.} 20. Nd7 Qxd7 21. Rxc4 Rxa5 22. Rb4 Rc8 23. Qb3 h5 ({Better is} 23... h6 $17) 24. Rb7 Qa4 25. Qf3 {[%emt 0:06:40] Now White is beyond hope.} ({White should try} 25. Rb4
$15 Qxb3 26. Rxb3) 25... Rb5 $19 26. Rxb5 Qxb5 27. Qe2 {[%emt 0:07:31] [#]} Qb3 {[%emt 0:07:49] ...Rc2
is the strong threat.} 28. Bc1 Nd4 29. Qd2 {
[%emt 0:03:07] [#]} (29. Qf1 {was worth a try.}) 29... Qc4 $1 30. Bb2 Nb3 31. Qe2 Qxe2 32. Rxe2 {[%emt 0:00:02] Endgame KRB-KRN} d4 {[%emt 0:00:05]
[%cal Yd5d4,Yd4d3,Yd3d2] Inhibits Re3. And now ...d3 would win.} 33. g4 d3 34. Re1 d2 35. Rd1 Rc2 36. Kf1 hxg4 37. Ke2 Rxb2 38. a4 Ra2 39. Rb1 Nd4+ 40.
Ke3 {[%emt 0:00:00] Weighted Error Value: White=0.76/Black=0.15 (very precise)}
0-1

[Event "44th Chess Olympiad Women 2022"]
[Site "Chennai"]
[Date "2022.08.06"]
[Round "8.11"]
[White "Roebers, Eline"]
[Black "Cori T., Deysi"]
[Result "1-0"]
[WhiteElo "2344"]
[BlackElo "2371"]
[Annotator "TA"]
[PlyCount "115"]
[EventDate "2022.??.??"]
[TimeControl "60"]

1. e4 c6 2. d4 d5 3. e5 Bf5 4. g4 Bd7 5. Nc3 e6 6. Be3 {[%emt 0:00:34] B12: Caro-Kann:
Advance Variation.} Ne7 7. Be2 h5 8. gxh5 {[%emt 0:01:23] The position is equal.} Nf5 9. Qd2 c5 10. Nf3 $1 (10. dxc5 $2 d4 11. Bxd4 Bc6 $19) 10... Nc6 {[%emt 0:12:14] [#]
} 11. dxc5 $146 ({Predecessor:} 11. O-O-O c4 12. Rhg1 Qa5 13.
a3 b5 14. Nb1 b4 15. h6 gxh6 16. Rg4 Rb8 17. Rdg1 bxa3 18. Qxa5 axb2+ {0-1 (24)
Zermiche,C (2162)-Bareev,E (2653) Ajaccio 2007}) 11... a6 {[%emt 0:25:20]
Against Nb5} 12. O-O-O Nxe3 13. Qxe3 (13. fxe3 $5 Bxc5 14. Rhg1 $11) 13... Rxh5 14. Rhg1 g6 {[%emt 0:08:09] Threatens to win
with ...Bh6.} 15. Kb1 ({Better is} 15. h4 $11) 15... Bh6 $15 16. Qd3 {[%emt 0:00:05][%cal Yg1g6] And now Rxg6! would win.}
Qe7 $1 17. Rde1 (17. h4 $11) 17... O-O-O (17... Nxe5 $6 18. Nxe5 Rxe5 19. Qd4 $15) (17... Qxc5 $6 18.
Rxg6 Ke7 19. Nh4 $1 Nxe5 20. Qg3 Nxg6 21. Bxh5 $11) 18. Na4 Nxe5 $2 (18... Be8 $17 19. Nb6+ Kb8)
19. Nxe5 Rxe5 20. Qg3 {[%emt 0:00:00] aiming
for Nb6+.} Qg5 $2 (20... Bxa4 21. Qxe5 Qxc5 22. Bd3 $11 (22.
b3 Bd2 $11)) (20... Qf6 $15 {keeps the upper hand.} 21. Bb5 (21. Nb6+ Kc7 $17)
21... Bxb5 22. Nb6+ (22. Qxe5 Qxe5 23. Nb6+ Kc7 $11) 22... Kc7 23. Qxe5+ (23.
Rxe5 $2 Bf4 $19) 23... Qxe5 24. Rxe5 Bg7) 21. Qc3 $2 {[%emt 0:01:59] [#]} Qf4 (21... Qf6 $1 $17 22. Nb6+ Kb8 23. Nxd7+ Rxd7) 22. Rg4 $36 {
[%emt 0:01:55] White is more active.} d4 (22... Qf6 $11) 23.
Nb6+ $16 (23. Rxf4 $6 dxc3 24. Nb6+ Kc7 25. Rxf7 Rxc5 26.
Rxd7+ Rxd7 27. Nxd7 Kxd7 $11) (23. Qxd4 Qxd4 24. Nb6+ Kc7 25. Rxd4 Bc6 26. Rxd8
Kxd8 $17) 23... Kb8 24. Qxd4 Qxd4 (24... Rxe2 $16 25. Qxf4+ (25. Rxf4 $2 Rxe1+) 25... Bxf4 26. Rxe2 Bc6)
25. Rxd4 $18 {[%emt 0:00:04] The board is on fire.} Kc7 26.
Rxd7+ ({Resist} 26. Nxd7 Rf5 $18) 26... Rxd7 27. Nxd7 Rf5 28. Bd3 Rxf2 29. Ne5 Bg7 30. Ng4 Rf4 31. Ne5 (31. h3 $142) 31... Rf2
$1 32. h3 Kd8 33. a4 Ke7 34. c6 bxc6 35. Bxa6 Kd6 36. Nd3 Rh2 37. a5 Rxh3 38. Bc4 {
[%emt 0:00:23] Strongly threatening Rf1.} Rh4 39. b3 Rh5 (39... Bc3 {was called for.}) 40. a6 Bc3 {[%emt 0:00:25] ...Ra5 is the strong threat.} 41. Rd1 {[%emt 0:03:17]
Hoping for Nf4+.} Kc7 42. Nb2 ({Weaker is} 
42. Rf1 Rf5 43. Rxf5 gxf5 $18) 42... Ra5 43. Rh1 Kd6 $2 (43... Rh5 44. Rd1 Ra5) 44. Rh3 Be1 45. Rf3 Ke7 46. Na4 g5 47. Kb2 g4 48. Rf1 Bd2 49. Ra1 f5 $2 (49... g3 50. Rg1 Rg5) 50. c3 g3 51. b4 Rxa4 52. Rxa4 {[%emt 0:00:06]
White wants to mate with a7.} Bc1+ 53. Kc2 {[%emt 0:01:10]
White mates.} g2 54. a7 g1=Q 55. a8=Q Be3 56. Ra1 (56.
Qxc6 $2 {gets mated.} Qc1+ 57. Kb3 Qb1+ 58. Ka3 Bc1#) 56... Qg2+ 57. Kb3 f4 58. Rd1 {[%emt 0:00:29]
Weighted Error Value: White=0.35/Black=0.65} 1-0

[Event "44th Chess Olympiad Women 2022"]
[Site "Chennai"]
[Date "2022.08.06"]
[Round "8.11"]
[White "Van Foreest, Machteld"]
[Black "Paredes Bustamante, Paula Elizab"]
[Result "0-1"]
[WhiteElo "2299"]
[BlackElo "2162"]
[Annotator "NA RC"]
[PlyCount "74"]
[EventDate "2022.??.??"]
[TimeControl "60"]

1. e4 e5 2. Nf3 Nc6 3. Bc4 Bc5 4. c3 Nf6 5. d3 d6 6. Bb3 Bg4 7. Nbd2 Qd7 8. Bc2 a6 9. h3 Bh5 10. Qe2 h6 11. Nf1 O-O-O 12. Be3 Bxe3 13. Nxe3 d5 14. O-O-O d4 15. g4 Bg6 16. Nc4 dxc3 17. bxc3 Qe7 18. Kb2 b5 19. Ncd2 Nd7 20. Nb3 Nb6 21. Na1 a5 22. Bb3 a4 23.
Bc2 Na5 24. Nd2 b4 25. c4 b3 26. axb3 Qb4 27. Nb1 axb3 28. Nxb3 Na4+ 29. Ka2 Nxb3 30. Bxb3 Nc5 31. Qc2 Rd6 32. Kb2 Rb6 33. Nd2 Rd8 34. Ra1 Rxd3 35. Rhd1 Nxb3 36. Qxd3 Nxd2+ 37. Kc1 Qb2# 0-1

[Event "44th Chess Olympiad Women 2022"]
[Site "Chennai"]
[Date "2022.08.06"]
[Round "8.12"]
[White "Aulia, Medina Warda"]
[Black "Blagojevic, Tijana"]
[Result "1-0"]
[WhiteElo "2374"]
[BlackElo "2330"]
[Annotator "TA"]
[PlyCount "97"]
[EventDate "2022.??.??"]
[TimeControl "60"]

1. e4 e5 2. Nf3 Nc6 3. Bb5 Nf6 4. d3 Bc5 5. O-O Nd4 6. Nxd4 Bxd4 7. c3 {[%emt 0:
00:00] C65: Ruy Lopez: Berlin Defence (3...Nf6), unusual lines and 4 0-0 Bc5.}
Bb6 8. Na3 $1 {[%emt 0:00:55] 8.Na3 is the recent fashion.} c6 9. Ba4 {[%emt 0:00:36] The position is equal.} d6 10. Bb3 Qe7 11. Nc4 Bc7
{[%emt 0:00:10] [#]} 12. a4 $146 ({Predecessor:} 12. f4 b5 13.
fxe5 dxe5 14. Ne3 O-O 15. Nf5 Bxf5 16. Rxf5 h6 17. Qf3 Nh7 18. Bd2 {0-1 (34)
Karjakin,S (2754)-Vidit,S (2721) Moscow 2019}) 12... Be6 13.
a5 O-O 14. Bg5 h6 15. Bh4 d5 16. exd5 cxd5 17. Ne3 d4 18. Nc4 dxc3 (18... Rfd8 $5 )
19. bxc3 g5 20. Bg3 Nd5 21. Nxe5 Nxc3 22. Qe1 Ne2+ 23. Qxe2 Bxb3 24. Qb2 Qe6 {[%emt 0:00:00] Inhibits Ng4.} (24... Bxe5
$14 25. Bxe5 Bd5) 25. Rfe1 $1 $18 Bd5 {[%emt 0:00:54] [#]
Inhibits Nc4.} 26. h3 $2 ({Only move:} 26. Qd4 $1 $18 Bd8 27.
Ng4) 26... Qf6 27. Qb4 {[%emt 0:04:10] aiming for Ng4.} Bxe5 28. Bxe5 Qg6 29. Re3 Rfe8 (29... a6 $11 {keeps the balance.}) 30.
Rae1 Re6 $2 {[%emt 0:02:53] [#]} ({
Black should play} 30... Bc6 $14) 31. Bb2 ({White must play} 
31. Ba1 $1 $18 {Threatens to win with Qd4.} Rxe3 32. fxe3 (32. Rxe3 Qc6 $16)
32... Qxd3 33. e4) 31... Rxe3 $16 32. Rxe3 Kh7 33. Qd4 $36 {[%emt 0:05:38] White is really pushing.} Be6 (33... Bc6 $16 34. Re7 Rf8) 34. h4 (34. Rf3
$18 f5 35. Re3) 34... gxh4 35. Qxh4 {[%emt 0:00:22] Strongly
threatening Rg3.} Rg8 $2 (35... Qg4 $16 36. Qxg4 Bxg4) 36. Rg3
$18 {[%emt 0:01:14] Active counter play!} Bg4 37. f3 Qxd3 {[%emt 0:00:36] Hoping for ...Qb1+.} 38.
Qf6 Qf5 39. Rxg4 {[%emt 0:03:43] White wants
to mate with Qh8+.} Qxf6 40. Bxf6 Rxg4 41. fxg4 {[%emt 0:30:03] KB-KP} Kg6 42. Bd8 {
[%emt 0:01:25] Threatening mate with Kh2.} b5 43. axb6 {
[%emt 0:00:43] White mates.} axb6 44. Bxb6 {[%emt 0:00:02]
KB-KPP} Kg5 45. Be3+ Kxg4 46. Bxh6 Kg3 47. Bf8 f5 48. Bd6+ f4 49. Kf1 {[%emt 0:
00:00] Weighted Error Value: White=0.18 (very precise) /Black=0.74} 1-0

[Event "44th Chess Olympiad Women 2022"]
[Site "Chennai"]
[Date "2022.08.06"]
[Round "8.12"]
[White "Citra, Dewi Ardhiani Anast"]
[Black "Velikic, Adela"]
[Result "1/2-1/2"]
[WhiteElo "2257"]
[BlackElo "2273"]
[Annotator "RC"]
[PlyCount "99"]
[EventDate "2022.??.??"]
[TimeControl "60"]

1. d4 d5 2. Bf4 c5 3. e3 cxd4 4. exd4 Nc6 5. c3 Bf5 6. Qb3 Qd7 7. Nf3 e6 8. Bb5 f6 9. Nbd2 g5 10. Bg3 h5 11. h3 Nge7 12. Qd1 Bg6 13.
Nb3 Nf5 14. Bh2 Kf7 15. g4 hxg4 16. hxg4 Nh4 17. Nxh4 Rxh4 18. Kd2 a6 19. Bd3 Bxd3 20. Kxd3 e5 21. dxe5 fxe5 22. Kc2 Kg8 23. Qd3 Qh7 24. Qxh7+ Kxh7 25. Bg3 Rxh1 26. Rxh1+ Kg6 27. Re1 Kf6 28. Nd2 Rc8 29. Kd1 Bc5 30. Nb3 Bb6 31. Ke2 Rh8 32. Rd1 Ke6 33. Nd2 e4 34. Nf1 Ne5 35. Bxe5 Kxe5 36. Ne3 Bxe3 37. Kxe3 Rh3+ 38. Ke2 Rh2 39. Rd4 Rh4 40. Rb4 b5 41. a4 bxa4 42. Rxa4 Rh6 43. Ra5 Rb6 44. b4 Rc6 45. Kd2 Rd6 46. Ke3 Rc6 47. Kd2 Kd6 48. Ra1 Rb6 49. Ra5 Ke6 50. Rc5 1/2-1/2

[Event "44th Chess Olympiad Women 2022"]
[Site "Chennai"]
[Date "2022.08.06"]
[Round "8.12"]
[White "Eric, Jovana"]
[Black "Mariroh, Fariha"]
[Result "1-0"]
[WhiteElo "2271"]
[BlackElo "1839"]
[Annotator "NA RC"]
[PlyCount "61"]
[EventDate "2022.??.??"]
[TimeControl "60"]

1. e4 c5 2. Nf3 d6 3. d4 cxd4 4. Nxd4 Nf6 5. Nc3 Nc6 6. Bg5 e6 7. Qd2 a6 8. O-O-O Bd7 9. f3 Nxd4 10. Qxd4 Be7 11. h4 b5 12. Kb1 Qc7 13.
g4 O-O 14. Be3 Rfc8 15. Qd2 b4 16. Ne2 a5 17. h5 a4 18. Nc1 d5 19. g5 Ne8 20. exd5 b3 21. cxb3 exd5 22. Bd3 Be6 23. Bd4 Qd7 24. b4 a3 25. b3 Rab8 26. b5 Nd6 27. g6 fxg6 28. hxg6 Nf5 29. Rxh7 Nxd4 30. Qh2 Kf8 31. Rh8+ 1-0